 Seeded DCSS version 0.30-a0-339-g89bb51ec76 (webtiles) character file.

Game seed: 6122420014551130533 (custom seed)

2132 koil the Trooper (level 9, -19/93 HPs)
             Began as an Ogre Cinder Acolyte on Nov 1, 2022.
             Was a High Priest of Ignis.
             Demolished by an ogre
             ... wielding a +0 giant club
              (20 damage)
             ... on level 7 of the Dungeon.
             The game lasted 00:17:17 (6575 turns).

koil the Trooper (Ogre Cinder Acolyte)              Turns: 6575, Time: 00:17:18

Health: -19/93     AC:  7    Str: 20    XL:     9   Next: 30%
Magic:  8/16       EV:  9    Int: 19    God:    Ignis [*****.]
Gold:   420        SH:  0    Dex:  4    Spells: 11/18 levels left

rFire   + . .      SeeInvis .    a - +7 Throatcutter {drain, coup de grace}
rCold   . . .      Faith    .    (no shield)
rNeg    + . .      Spirit   .    b - +0 robe
rPois   .          Reflect  .    B - +0 hat
rElec   .          Harm     .    (no cloak)
rCorr   .          Rampage  .    (gloves unavailable)
Will    .....                    (boots unavailable)
Stlth   +.........               z - amulet of regeneration
HPRegen 1.15/turn                D - +4 ring of protection
MPRegen 0.15/turn                s - ring of positive energy

@: lethally poisoned (-19 -> -22)
A: large, unfitting armour, tough skin 1
a: Renounce Religion, Fiery Armour, Foxfire Swarm, Rising Flame


You were on level 7 of the Dungeon.
You worshipped Ignis.
Ignis was extremely pleased with you.
You visited 2 branches of the dungeon, and saw 8 of its levels.

You collected 420 gold pieces.

Inventory:

Hand Weapons
 a - the +7 Throatcutter (weapon) {drain, coup de grace}
   (You found it on level 3 of the Dungeon)

   A truly terrible weapon, it drains the life of any living foe it strikes.
   It may instantly kill foes which have little health.
Missiles
 l - 5 poisoned darts
Armour
 b - a +0 robe (worn)
 B - a +0 hat (worn)
Magical Staves
 e - a staff of fire
Jewellery
 s - a ring of positive energy (right hand)
 z - an amulet of regeneration (around neck)
 D - a +4 ring of protection (left hand)
Wands
 A - a wand of polymorph (5)
Scrolls
 d - a scroll of summoning
 o - a scroll of butterflies
 y - a scroll of immolation
Potions
 i - 2 potions of resistance
 j - 3 potions of curing
 v - a potion of magic
 C - a potion of brilliance


   Skills:
 + Level 7.6 Fighting
 + Level 3.6 Long Blades
 - Level 3.7 Axes
 + Level 4.2 Dodging
 + Level 5.2 Spellcasting
 + Level 3.5 Hexes
 + Level 5.8 Fire Magic


You had 11 spell levels left.
You knew the following spells:

 Your Spells              Type           Power      Damage    Failure   Level
a - Scorch                Fire           54%        2d7       1%          2
b - Ensorcelled Hibernat  Hex/Ice        22%        N/A       9%          2
c - Confusing Touch       Hex            18%        N/A       9%          3

Your spell library contained the following spells:

 Spells                   Type           Power      Damage    Failure   Level
 Slow                     Hex            72%        N/A       2%          1
 Inner Flame              Hex/Fire       22%        N/A       5%          3
 Tukima's Dance           Hex            18%        N/A       9%          3
 Beastly Appendage        Tmut           8%         N/A       12%         1
 Portal Projectile        Hex/Tloc       22%        N/A       17%         3
 Passwall                 Tmut/Erth      3%         N/A       19%         2
 Ozocubu's Armour         Ice            4%         N/A       36%         3
 Swiftness                Air            4%         N/A       36%         3
 Vampiric Draining        Necr           4%         2d6       36%         3
 Flame Wave               Conj/Fire      16%        2d7       36%         4
 Sticky Flame             Conj/Fire      16%        2d4       36%         4
 Petrify                  Tmut/Erth      4%         N/A       77%         4
 Blade Hands              Tmut           2%         N/A       98%         5
 Malign Gateway           Summ/Tloc      2%         N/A       100%        7
 Ozocubu's Refrigeration  Ice            2%         4d7       100%        7
 Storm Form               Tmut/Air       2%         N/A       100%        7
 Summon Horrible Things   Summ           2%         N/A       100%        8


Dungeon Overview and Level Annotations

Branches:
Dungeon (7/15)             Temple (1/1) D:6

Altars:
Xom

Annotations:
D:7 Joseph


Innate Abilities, Weirdness & Mutations

You are too large for most types of armour.
You have tough skin. (AC +1)


Message History

You feel sick.
The killer bee buzzes angrily.
The kobold brigand shouts!
The water moccasin hisses angrily.
The two-headed ogre shouts in stereo!
The orc shouts!
The ogre shouts!
You hear a bark!
You hear a shout!
You hear a croak.
A hound comes into view.
A water moccasin comes into view.
An ufetubus comes into view.
The kobold brigand throws a poisoned dart.
The poisoned dart barely misses you. The orc hits you with a +0 short sword.
* * * LOW HITPOINT WARNING * * *
The water moccasin bites you but does no damage.
The hound moves out of view.
You hear a shout!
The water moccasin hisses angrily.
You hear a shout!
Unknown command.
Okay, then.
You feel better. Something hits you.
Deactivating autopickup; reactivate with Ctrl-A.
The deep elf pyromancer gestures wildly while chanting.
The deep elf pyromancer blinks!
The water moccasin bites you!
* * * LOW HITPOINT WARNING * * *
The orc hits you but does no damage.
The ufetubus hits you but does no damage. x2
The water moccasin closely misses you. Something hits you but does no damage.
Joseph, a Mercenary comes into view.
He is wielding a +0 quarterstaff.
The orc closely misses you.
The water moccasin bites you but does no damage.
Something hits you!
* * * LOW HITPOINT WARNING * * *
The water moccasin attacks as you move away!
The water moccasin bites you.
* * * LOW HITPOINT WARNING * * *
You are poisoned.
The water moccasin poisons you!
You feel very sick. Something hits you.
* * * LOW HITPOINT WARNING * * *
Something hits you.
* * * LOW HITPOINT WARNING * * *
The ogre hits you with a +0 giant club!!
You die...

.#?#. #..##
#...#. #....
..... .S..#
#...# ..#.# .#
#...#.#..##
#..K#..5#S...#.#
.......yS......#
..#...#o.O#.##.
#[#...#@#.e#
@..#c..#......#
....h.. ...#..#
..#..o#. .#.....
.#$#...# #......
...#.. . .##.
... .. .. # ..
.. ##


You could see 2 water moccasins, an ogre, a centaur, a hound, a killer bee, 2
orcs and an ufetubus.

Vanquished Creatures
  2 water moccasins (D:6)
  2 ice beasts (D:5)
  2 sky beasts (D:6)
  A black bear (D:5)
  3 ogres
  A phantom (D:6)
  A kobold brigand (D:3)
  A gnoll sergeant (D:6)
  3 scorpions (D:6)
  A bullfrog (D:7)
  A killer bee (D:7)
  3 hounds
  3 jellies
  5 iguanas
  2 orc wizards
  Robin (D:3)
  12 gnolls (D:6)
  14 adders
  A shadow imp (D:5)
  An ufetubus (D:6)
  A worm (D:3)
  2 dart slugs
  7 orcs
  9 endoplasms
  2 giant cockroaches
  10 goblins
  7 hobgoblins
  6 jackals
  2 quokkas
  2 ball pythons
  4 bats
  A frilled lizard (D:1)
  13 kobolds
  4 rats
130 creatures vanquished.

Notes
Turn   | Place    | Note
-------+----------+-------------------------------------------
     0 | D:1      | koil the Ogre Cinder Acolyte began the quest for the Orb.
     0 | D:1      | Reached XP level 1. HP: 24/24 MP: 2/2
   104 | D:1      | Reached XP level 2. HP: 27/32 MP: 4/4
   107 | D:1      | Learned a level 2 spell: Scorch
   851 | D:2      | Reached XP level 3. HP: 34/40 MP: 0/5
  1324 | D:2      | Reached skill level 1 in Dodging
  1325 | D:2      | Reached XP level 4. HP: 41/49 MP: 6/6
  1645 | D:3      | HP: 2/49 [iguana (7)]
  1651 | D:3      | HP: 1/49 [jackal (2)]
  1657 | D:3      | HP: 2/49 [adder (2)]
  1664 | D:3      | Reached XP level 5. HP: 3/55 MP: 1/8
  2279 | D:3      | Noticed Robin
  2299 | D:3      | Killed Robin
  2478 | D:3      | Found the +7 Throatcutter {drain, coup de grace}
  2478 | D:3      | Noticed a kobold brigand
  2491 | D:3      | Killed a kobold brigand
  2492 | D:3      | Reached skill level 5 in Fighting
  2492 | D:3      | Reached XP level 6. HP: 59/66 MP: 8/10
  3713 | D:4      | Reached skill level 1 in Long Blades
  3921 | D:5      | Entered Level 5 of the Dungeon
  3929 | D:5      | Learned a level 2 spell: Ensorcelled Hibernation
  3933 | D:5      | Learned a level 3 spell: Confusing Touch
  4109 | D:5      | Noticed a black bear
  4110 | D:5      | Reached XP level 7. HP: 55/72 MP: 4/11
  4115 | D:5      | Reached skill level 1 in Hexes
  4333 | D:5      | Got the Essays on Moulding
  4459 | D:5      | Reached skill level 6 in Fighting
  4760 | D:5      | Reached XP level 8. HP: 63/83 MP: 4/13
  4951 | D:5      | Reached skill level 5 in Fire Magic
  5187 | D:6      | Found a shimmering altar of Xom.
  5470 | D:6      | Found a staircase to the Ecumenical Temple.
  5661 | D:6      | Reached skill level 7 in Fighting
  6107 | D:6      | Reached XP level 9. HP: 79/93 MP: 7/16
  6118 | D:6      | Reached skill level 5 in Spellcasting
  6355 | Temple   | Entered the Ecumenical Temple
  6572 | D:7      | Noticed a two-headed ogre
  6572 | D:7      | Noticed a deep elf pyromancer
  6574 | D:7      | Noticed Joseph
  6575 | D:7      | HP: 1/93 [something (5)]
  6575 | D:7      | Demolished by an ogre

Illustrated notes

Levels and vault maps discovered:
D:1:      minmay_arrival_up_and_down, layout_basic
D:2:      layout_rooms, hangedman_decor_riveting, minmay_distorted
D:3:      layout_loops_ring, chequers_serial_rivers_small_3,
          dilly_guarded_unrand_throatcut, uniq_robin
D:4:      layout_layer_cave
D:5:      layout_gridville
D:6:      minmay_chambers_of_threes, layout_basic, mainiacjoe_overflow_catwalk,
          minmay_temple_entry_antechambers
D:7:      cheibrodos_fzero, layout_loops_ring, gammafunk_ghost_grave,
          uniq_prince_ribbit1, uniq_crazy_yiuf_cottage, uniq_joseph
Temple:   mainiacjoe_temple_cubbyholes

Skill      XL: |  1  2  3  4  5  6  7  8  9 |
---------------+----------------------------+-----
Fire Magic     | 3 4 5 |  5.8
Dodging        | 1 2 3 4 |  4.2
Spellcasting   | 2 3 4 5 |  5.2
Fighting       | 5 6 7 |  7.6
Long Blades    | 1 2 3 |  3.6
Hexes          | 1 3 |  3.5
Axes           | |  3.7

Action                   |  1- 3 |  4- 6 |  7- 9 || total
-------------------------+-------+-------+-------++-------
Melee: Hand axe          |    71 |    90 |       ||   161
       Long sword        |       |    32 |    92 ||   124
Throw: Dart              |     3 |       |       ||     3
 Cast: Scorch            |     5 |    35 |    48 ||    88
  Use: Potion            |       |     2 |     4 ||     6
       Scroll            |       |       |    18 ||    18
Armor: Robe              |    26 |    38 |    94 ||   158
Dodge: Dodged            |    35 |    63 |    95 ||   193

Table legend: (Time is in decaauts)
 A = Elapsed time spent in this place.
 B = Non-inter-level travel time spent in this place.
 C = Inter-level travel time spent in this place.
 D = Time resting spent in this place.
 E = Time spent auto-exploring this place.
 F = Levels seen in this place.
 G = Mean time per level.
                   A        B        C        D        E       F      G
               +--------+--------+--------+--------+--------+-----+--------+
         Total |   6634 |   6406 |    228 |    467 |   4740 |   8 |  829.2 |
       Dungeon |   6497 |   6270 |    227 |    467 |   4740 |   7 |  928.1 |
        Temple |    137 |    136 |      1 |      0 |      0 |   1 |  137.0 |
               +--------+--------+--------+--------+--------+-----+--------+

Top non-repeatable levels by time:
     D:6: 1297 daAuts
     D:3: 1253 daAuts
     D:4: 1222 daAuts
     D:5: 1183 daAuts
     D:1: 821 daAuts
     D:2: 659 daAuts
  Temple: 137 daAuts
     D:7: 59 daAuts
